 Dungeon Sprint DCSS version 0.31-a0-142-g31f6795574 (webtiles) character file.

Game seed: 2099382663048408152

304 rocky1 the Covert (level 6, -12/33 HPs)
             Began as a Vine Stalker Brigand on June 4, 2023.
             Was an Initiate of Gozag.
             Mangled by a spatial vortex (17 damage)
             ... in the Dungeon (Sprint III: "The Ten Rune Challenge").
             The game lasted 00:02:33 (1337 turns).

rocky1 the Covert (Vine Stalker Brigand)            Turns: 1337, Time: 00:02:34

Health: -12/33     AC:  3    Str: 13    XL:     6   Next: 38%
Magic:  0/7        EV: 12    Int: 11    God:    Gozag
Gold:   25         SH:  0    Dex: 18    Spells: 5/5 levels left

rFire   . . .        a - +2 dagger
rCold   . . .        (no shield)
rNeg    . . .        b - +0 robe
rPois   .            (no helmet)
rElec   .            c - +0 cloak
rCorr   .            (no gloves)
SInv    .            (no boots)
Will    .....        (no amulet)
Stlth   ++++++       (no ring)
HPRegen 1.05/turn    (no ring)
MPRegen 0.10/turn

%: no teleportation, guardian spirit
@: no status effects
A: fangs 2, regeneration 1, magic shield, antimagic bite, no potion heal 2
a: Renounce Religion, Potion Petition, Call Merchant, Bribe Branch


You were in the Dungeon.
You worshipped Gozag.
Gozag was noncommittal.
You visited 1 branch You collected 25 gold pieces.

Inventory:

Hand Weapons
 a - a +2 dagger (weapon)
Missiles
 d - 9 poisoned darts
 e - a curare-tipped dart (quivered)
Armour
 b - a +0 robe (worn)
 c - a +0 cloak (worn)
Wands
 i - a wand of roots (15)
Scrolls
 j - a scroll of blinking
 k - a scroll of torment
 m - 3 scrolls of immolation
Potions
 f - a potion of curing
 g - a potion of haste
 h - 2 potions of magic
 l - a potion of ambrosia
 o - a potion of invisibility {unknown}
 q - a potion of enlightenment {unknown}
 r - 4 potions of mutation


   Skills:
 * Level 4.1 Fighting
 * Level 4.4 Short Blades
 + Level 3.6 Throwing
 + Level 1.7 Dodging
 * Level 14.3 Stealth


You had 5 spell levels left.
You didn't know any spells.
Your spell library was empty.

Dungeon Overview and Level Annotations

Branches:
Dungeon (1/1)

Altars:
Cheibriados
Fedhas
Gozag
Hepliaklqana
Makhleb
Nemelex Xobeh
Qazlal
Xom
Jiyva
Lugonu


Innate Abilities, Weirdness & Mutations

You have extremely sharp teeth.
Your natural rate of healing is unusually fast.
When hurt, damage is shared between your health and your magic reserves.
Your bite disrupts and absorbs the magic of your enemies.
Potions cannot restore your health.


Message History

You hit the spatial vortex.
You bite the spatial vortex, but do no damage.
The spatial vortex is lightly damaged.
You hit the spatial vortex.
You bite the spatial vortex, but do no damage.
The spatial vortex is lightly damaged.
You hit the spatial vortex. You bite the spatial vortex. You drain its power.
The spatial vortex is moderately damaged.
The spatial vortex closely misses you. The spatial vortex hits you!!
Ouch! That really hurt!
You are too injured to fight recklessly!
You are too injured to fight recklessly!
You are too injured to fight recklessly!
You hit the spatial vortex.
The spatial vortex is moderately damaged.
You kneel at the altar of Gozag.
Gozag welcomes you!
Gozag waives the service fee.
There is a sparkling altar of Nemelex Xobeh here.
You see here a wand of roots (15).
Unknown command.
Press < or > to pray at altars.
i - a wand of roots (15) Unknown command.
Press < or > to pray at altars.
You hit the spatial vortex. You bite the spatial vortex. You drain its power.
You feel invigorated.
The spatial vortex is moderately damaged.
The spatial vortex hits you! Space warps around you.
Unknown command.
Press < or > to pray at altars.
Unknown command.
Press < or > to pray at altars.
The spatial vortex attacks as you move away!
The spatial vortex hits you!
* * * LOW HITPOINT WARNING * * *
Space warps horribly around you!!
Ouch! That really hurt!
You die...
Your body crumbles into a pile of gold.

...♣.♣ ♣.# $ ....♣ ♣♣.#
$ ....♣♣ ♣..# $ $ $
....~♣♣♣♣..###+#+###+##$
$
)..~~♣.♣.♣.#..........#$
$
..~~~~.....'.⌠........#
$$ $ $ $
..~≈≈~~~♣♣.#...######'#
$$ $$ $
.~~≈~~~....#.⌠.#_v#...#
.~≈~~~.....#...#@_#...#
.~~~.......#+###__#...#
...........# #__#...+
...........# #__'...#
▓▓▓▓▓▓▓▓▓▓▓▓ ▓▓▓▓▓▓▓▓


You could see a spatial vortex.

Vanquished Creatures
  A shadow (D)
  A water elemental (D)
  A jelly (D)
  Crazy Yiuf (D)
  Jessica (D)
  A human (D)
  An endoplasm (D)
  2 rats (D)
9 creatures vanquished.

Notes
Turn   | Place    | Note
-------+----------+-------------------------------------------
     0 | D        | rocky1 the Vine Stalker Brigand began the quest for the
                  | Orb.
     0 | D        | Reached XP level 1. HP: 11/11 MP: 2/2
    10 | D        | Reached skill level 5 in Stealth
    13 | D        | Noticed Jessica
    16 | D        | Killed Jessica
    17 | D        | Reached skill level 7 in Stealth
    17 | D        | Reached XP level 2. HP: 16/16 MP: 3/3
    17 | D        | Reached XP level 3. HP: 19/19 MP: 4/4
   210 | D        | Noticed Crazy Yiuf
   221 | D        | Killed Crazy Yiuf
   222 | D        | Reached skill level 9 in Stealth
   319 | D        | Reached skill level 1 in Dodging
   319 | D        | Gained mutation: Your natural rate of healing is unusually
                  | fast. [Vine Stalker growth]
   319 | D        | Reached XP level 4. HP: 10/24 MP: 1/5
   529 | D        | Noticed a water elemental
   532 | D        | Killed a water elemental
   533 | D        | Reached skill level 11 in Stealth
   533 | D        | Reached XP level 5. HP: 28/28 MP: 6/6
   904 | D        | Noticed a shadow
   911 | D        | Killed a shadow
   912 | D        | Reached skill level 14 in Stealth
   912 | D        | Reached XP level 6. HP: 33/33 MP: 7/7
  1150 | D        | Found a blossoming altar of Fedhas.
  1150 | D        | Found a stormy altar of Qazlal.
  1150 | D        | Found a snail-covered altar of Cheibriados.
  1150 | D        | Found a burning altar of Makhleb.
  1150 | D        | Found a shimmering altar of Xom.
  1151 | D        | Found a hazy altar of Hepliaklqana.
  1151 | D        | Found an opulent altar of Gozag.
  1151 | D        | Found a sparkling altar of Nemelex Xobeh.
  1151 | D        | Found a corrupted altar of Lugonu.
  1151 | D        | Found a viscous altar of Jiyva.
  1151 | D        | Noticed a spatial vortex
  1333 | D        | Became a worshipper of Gozag Ym Sagoz the Greedy
  1337 | D        | Mangled by a spatial vortex

Illustrated notes

Levels and vault maps discovered:
D:        dungeon_sprint_mu [sprint_mu_entry_forest, sprint_mu_temple_rooms,
          sprint_mu_d1_spiders, sprint_mu_d2_genie, sprint_mu_d3_branching,
          sprint_mu_orc_legion, sprint_mu_elf_gauntlet, sprint_mu_hive_nellie,
          sprint_mu_lair_fedhas, sprint_mu_vaults_butterflies,
          sprint_mu_slime_circle, sprint_mu_swamp_cave, sprint_mu_shoals_archi,
          sprint_mu_blade_basic, sprint_mu_crypt_chambers,
          sprint_mu_tomb_spiral, sprint_mu_vestibule_basic,
          sprint_mu_gehenna_hellfire, sprint_mu_dis_giant,
          sprint_mu_tartarus_statrot, sprint_mu_cocytus_islands, sprint_mu_zot1]

Skill      XL: |  1  2  3  4  5 |
---------------+----------------+-----
Fighting       | 2 3 4 |  4.1
Stealth        | 7 9 11 14 | 14.3
Short Blades   | 2 3 4 |  4.4
Throwing       | 2 3 |  3.6
Dodging        | 1 |  1.7

Action                     |  1- 3 |  4- 6 || total
---------------------------+-------+-------++-------
  Melee: Dagger            |    23 |    13 ||    36
         Bite              |     8 |     6 ||    14
  Throw: Dart              |     4 |       ||     4
    Use: Scroll            |     4 |       ||     4
         Potion            |       |     1 ||     1
   Stab: Sleeping          |     2 |     1 ||     3
 Armour: Robe              |     1 |     1 ||     2
  Dodge: Dodged            |     8 |     4 ||    12

Table legend: (Time is in decaauts)
 A = Elapsed time spent in this place.
 B = Non-inter-level travel time spent in this place.
 C = Inter-level travel time spent in this place.
 D = Time resting spent in this place.
 E = Time spent auto-exploring this place.
 F = Levels seen in this place.
 G = Mean time per level.
                   A        B        C        D        E       F      G
               +--------+--------+--------+--------+--------+-----+--------+
         Total |   1338 |   1338 |      0 |   1162 |      0 |   1 | 1338.0 |
       Dungeon |   1338 |   1338 |      0 |   1162 |      0 |   1 | 1338.0 |
               +--------+--------+--------+--------+--------+-----+--------+

Top non-repeatable levels by time:
       D: 1338 daAuts
